 Dungeon Crawl Stone Soup version 0.19.1-1-g22dce08 (webtiles) character file.

659 galech the Skirmisher (level 7, 0/78 HPs)
             Began as an Ogre Fighter on Jan 19, 2017.
             Succumbed to a water moccasin's poison
             ... on level 5 of the Dungeon.
             The game lasted 00:09:28 (4685 turns).

galech the Skirmisher (Ogre Fighter)                Turns: 4685, Time: 00:09:29

Health: 0/78       AC:  3    Str: 22    XL:     7   Next: 55%
Magic:  7/7        EV:  9    Int:  7    God:
Gold:   219        SH:  8    Dex: 11    Spells: 0 memorised, 6 levels left

rFire  . . .     SeeInvis .     y - +0 long sword
rCold  + . .     Gourm    .     b - +0 robe
rNeg   . . .     Faith    .     c - +0 shield
rPois  .         Spirit   .     (helmet restricted)
rElec  .         Reflect  .     (no cloak)
rCorr  .         Harm     .     (gloves unavailable)
MR     .....                    (boots unavailable)
Stlth  +.........               (no amulet)
                                C - ring of flight
                                l - ring of protection from cold

@: lethally poisoned (0 -> -40)
A: unfitting armour, tough skin 1
a: Evoke Flight


You were on level 5 of the Dungeon.
You were not hungry.

You visited 1 branch of the dungeon, and saw 5 of its levels.
You also visited: Sewer.

You collected 219 gold pieces.

Inventory:

Hand Weapons
 y - a +0 long sword (weapon)
Armour
 b - a +0 robe (worn)
 c - a +0 shield (worn)
Jewellery
 l - a ring of protection from cold (left hand)
 C - a ring of flight (right hand)
Wands
 a - a wand of confusion (23/48)
Scrolls
 j - 3 scrolls of immolation
 k - a scroll of amnesia
 m - 3 scrolls of teleportation {unknown}
 n - 3 scrolls of blinking
 o - 2 scrolls of fog
 q - a scroll of enchant armour {unknown}
 r - 2 scrolls of magic mapping {unknown}
 s - a scroll of remove curse
 u - a scroll of random uselessness
 B - a scroll of recharging {unknown}
 D - a scroll of summoning {unknown}
Potions
 d - 4 potions of might
 e - 2 potions of invisibility {unknown}
 p - a potion of haste {unknown}
 t - a potion of degeneration {unknown}
 v - 2 potions of magic {unknown}
 w - a potion of mutation {unknown}
 z - 2 potions of flight {unknown}
 A - a potion of brilliance {unknown}
Comestibles
 f - 4 bread rations
 g - 3 beef jerkies
 h - 5 fruits
 i - 5 meat rations
 x - a chunk of flesh


   Skills:
 + Level 7.4 Fighting
 + Level 3.7 Long Blades
 + Level 4.8 Dodging
 - Level 2.6 Shields


You had 6 spell levels left.
You didn't know any spells.

Dungeon Overview and Level Annotations

Branches:
Dungeon (5/15)
 Temple: D:4-7

Altars:
Elyvilon
Sif Muna
Trog

Annotations:
D:3 dscm's ghost, amateur GrFi


Innate Abilities, Weirdness & Mutations

You are too large for most types of armour.
You have tough skin. (AC +1)


Message History

You are too injured to fight recklessly!
You are too injured to fight recklessly!
You are too injured to fight recklessly!
You are too injured to fight recklessly!
You are too injured to fight recklessly!
You are too injured to fight recklessly!
* * * LOW HITPOINT WARNING * * *
You feel very sick. The water moccasin barely misses you.
You riposte.
You hit the water moccasin.
The water moccasin is heavily wounded.
* * * LOW HITPOINT WARNING * * *
You feel very sick.
* * * LOW HITPOINT WARNING * * *
You feel sick.
* * * LOW HITPOINT WARNING * * *
You feel sick. The water moccasin bites you.
* * * LOW HITPOINT WARNING * * *
You are more poisoned.
The water moccasin poisons you!
You die...

..............##)##..........#≈≈≈
....(.........#.).#...######.##÷≈
...........#..#...##### #..#≈≈
..............#...# .. ###.'##
..........#..###### #.####......
..<....#.....# #.....>#....
...).#...##..# ##..##.#######
.....#...##.######....# #....#
...#.....#....S.@.....# ###..#
........##..#####?.#### #.##
...#........# .## #####.#
......#(###.# #..# ##.....#
......#.###.####.#####..#####
...#.##..........###...##
.....##.#............###
..(..<........####.###
........)............#


You could see a water moccasin.

Vanquished Creatures
  3 ogres
  A big kobold (Sewer)
  A howler monkey (D:4)
  A crimson imp (D:5)
  An orc wizard (D:3)
  2 worker ants
  6 adders
  A river rat (D:5)
  5 oozes (Sewer)
  2 adder skeletons (D:4)
  4 worms
  2 dart slugs (D:1)
  3 leopard geckos
  An orc (D:3)
  5 giant cockroaches
  13 goblins
  4 hobgoblins
  4 jackals (D:1)
  11 kobolds
  2 quokkas (D:4)
  3 ball pythons
  A ball python skeleton (D:5)
  4 bats
  6 frilled lizards
  13 rats
99 creatures vanquished.

Vanquished Creatures (others)
  2 jackals (D:2)
2 creatures vanquished.

Grand Total: 101 creatures vanquished

Notes
Turn   | Place    | Note
-------+----------+-------------------------------------------
     0 | D:1      | galech the Ogre Fighter began the quest for the Orb.
     0 | D:1      | Reached XP level 1. HP: 24/24 MP: 1/1
   120 | D:1      | Reached XP level 2. HP: 10/32 MP: 2/2
   797 | D:1      | Reached XP level 3. HP: 37/40 MP: 3/3
  1157 | D:2      | Found a white marble altar of Elyvilon.
  1259 | D:2      | Reached skill level 5 in Fighting
  1601 | D:3      | Found a bloodstained altar of Trog.
  1649 | D:3      | Reached XP level 4. HP: 40/50 MP: 4/4
  1747 | D:3      | Noticed dscm's ghost (amateur GrFi)
  2102 | D:3      | Found a deep blue altar of Sif Muna.
  2579 | D:4      | Reached XP level 5. HP: 34/57 MP: 5/5
  2923 | D:4      | Noticed an ogre
  2924 | D:4      | Noticed an ogre
  2947 | D:4      | Killed an ogre
  2947 | D:4      | Reached skill level 6 in Fighting
  2947 | D:4      | Reached XP level 6. HP: 27/67 MP: 6/6
  3443 | D:5      | Entered Level 5 of the Dungeon
  3947 | D:5      | Found a glowing drain.
  3952 | Sewer    | Entered a sewer
  3982 | Sewer    | Reached XP level 7. HP: 76/76 MP: 7/7
  4222 | Sewer    | Reached skill level 7 in Fighting
  4684 | D:5      | HP: 3/78 [water moccasin (6)]
  4685 | D:5      | Succumbed to a water moccasin's poison

Skill      XL: |  1  2  3  4  5  6  7 |
---------------+----------------------+-----
Dodging        | 3 4 |  4.8
Fighting       | 5 6 7 |  7.4
Long Blades    | 2 3 |  3.7
Shields        | |  2.6

Action                   |  1- 3 |  4- 6 |  7- 9 || total
-------------------------+-------+-------+-------++-------
Melee: Long sword        |   129 |   178 |    69 ||   376
  Use: Scroll            |     5 |     2 |       ||     7
  Eat: Chunk             |     2 |     6 |     1 ||     9
       Bread ration      |       |     1 |       ||     1
Armor: Robe              |    46 |    40 |    15 ||   101
Dodge: Dodged            |    48 |    62 |    32 ||   142
Block: Shield            |    62 |    81 |    32 ||   175
       Rpst.: Long sword |    12 |    17 |    12 ||    41
